 Dungeon Crawl Stone Soup version 0.27.1-37-g7b29ead8ac (webtiles) character file.

Game seed: 3523225113055350710

1543622 AarnesTheHuman the Conqueror (level 27, 215/224 HPs)
             Began as a Formicid Fighter on Nov 10, 2023.
             Was the Champion of Makhleb.
             Escaped with the Orb
             ... and 3 runes on Nov 28, 2023!
             The game lasted 04:48:58 (95467 turns).

AarnesTheHuman the Conqueror (Formicid Fighter)    Turns: 95467, Time: 04:48:58

Health: 215/224    AC: 39    Str: 40    XL:     27
Magic:  33/37      EV: 25    Int: 26    God:    Makhleb [******]
Gold:   6149       SH: 29    Dex: 20    Spells: 30/56 levels left

rFire    + + .     SeeInvis +   a - +6 quarterstaff of Ragoha Fef {elec, Str+2}
rCold    + + +     Faith    .   U - +0 tower shield
rNeg     . . .     Spirit   .   i - +8 plate armour of Chimes {rF+}
rPois    .         Reflect  +   (helmet unavailable)
rElec    +         Harm     .   t - +1 cloak {Will+}
rCorr    +         Rampage  .   X - +2 pair of gloves {Str+3}
Will     +++..                  v - +2 pair of boots of Negligence {rElec rF- rC++ Str+3}
Stlth    ..........             E - amulet "Nefric" {Reflect Int+4 SH+5}
HPRegen  0.47/turn              y - ring of Accord {rF+ rCorr Str+4 Int+2 Dex+6}
MPRegen  0.25/turn              P - ring of Mirth {rF+ rC+ Int+6 Dex+4}

@: studying 3 skills
A: permanent stasis, dig shafts and tunnels, antennae 3, four strong arms,
talons 1, deterioration 1, frail 1, low mp 1, screaming 1, inability to read
while threatened
0: Orb of Zot
}: 3/15 runes: barnacled, silver, gossamer
a: Dig, Shaft Self, Renounce Religion, Minor Destruction, Lesser Servant of
Makhleb, Major Destruction, Greater Servant of Makhleb


You escaped.
You worshipped Makhleb.
Makhleb was exalted by your worship.
You visited 9 branches of the dungeon, and saw 49 of its levels.
You also visited: Bailey, Gauntlet, Ice Cave and Volcano.

You collected 10051 gold pieces.
You spent 3902 gold pieces at shops.

Inventory:

Hand Weapons
 a - the +6 quarterstaff of Ragoha Fef (weapon) {elec, Str+2}
   (You bought it in a shop on level 1 of the Orcish Mines)

   It occasionally discharges a powerful burst of electricity upon striking a
   foe.
   Str:       It affects your strength (+2).
 b - the +3 sling "Punk" {acid, rCorr}
   (You acquired it on level 7 of the Dungeon)

   Any ammunition fired from it is coated in acid, damaging and corroding those
   it strikes.
   rCorr:     It protects you from acid and corrosion.
 F - the +7 fustibalus of Inference {venom, *Corrode rC- Str+6 Dex+3}
   (You acquired it on level 4 of the Vaults)

   Any ammunition fired from it poisons the flesh of those it strikes.
   Str:       It affects your strength (+6).
   Dex:       It affects your dexterity (+3).
   rC:        It makes you vulnerable to cold.
   *Corrode:  It may corrode you when you take damage.
Missiles
 k - 95 sling bullets
 s - 138 poisoned darts (quivered)
 Y - 4 throwing nets
Armour
 e - the +2 ratskin cloak {*Rats rPois rN+ Str-1 Int-1 Dex+1}
   (You found it on level 5 of the Vaults)

   When the wearer is hurt, rats may emerge from it to assist them.
   Str:       It affects your strength (-1).
   Int:       It affects your intelligence (-1).
   Dex:       It affects your dexterity (+1).
   rPois:     It protects you from poison.
   rN:        It protects you from negative energy.
 i - the +8 plate armour of Chimes (worn) {rF+}
   (You found it on level 5 of the Realm of Zot)

   rF:        It protects you from fire.
 t - a +1 cloak of willpower (worn)
 v - the +2 pair of boots of Negligence (worn) {rElec rF- rC++ Str+3}
   (You found it in a volcano)

   Str:       It affects your strength (+3).
   rF:        It makes you vulnerable to fire.
   rC:        It greatly protects you from cold.
   rElec:     It insulates you from electricity.
 N - a +10 plate armour of willpower
 U - a +0 tower shield (worn)
 X - a +2 pair of gloves of strength (worn)
Jewellery
 f - the ring of the Death Scarab {rPois rCorr AC+4 Dex-2 SInv}
   (You took it off a deep elf death mage on level 3 of the Elven Halls)

   [ring of protection]

   AC:        It affects your AC (+4).
   Dex:       It affects your dexterity (-2).
   rPois:     It protects you from poison.
   SInv:      It lets you see invisible.
   rCorr:     It protects you from acid and corrosion.
 p - the ring of Riowibery {rPois rCorr Str+2 Int+2 Slay+4}
   (You took it off a deep elf high priest on level 5 of the Vaults)

   [ring of slaying]

   Str:       It affects your strength (+2).
   Int:       It affects your intelligence (+2).
   Slay:      It affects your accuracy & damage with ranged weapons and melee
   (+4).
   rPois:     It protects you from poison.
   rCorr:     It protects you from acid and corrosion.
 r - a ring of willpower
 y - the ring of Accord (left hand) {rF+ rCorr Str+4 Int+2 Dex+6}
   (You took it off a hell knight on level 2 of the Depths)

   [ring of dexterity]

   Str:       It affects your strength (+4).
   Int:       It affects your intelligence (+2).
   Dex:       It affects your dexterity (+6).
   rF:        It protects you from fire.
   rCorr:     It protects you from acid and corrosion.
 E - the amulet "Nefric" (around neck) {Reflect Int+4 SH+5}
   (You bought it in a shop on level 7 of the Dungeon)

   [amulet of reflection]

   It reflects blocked missile attacks.
   Int:       It affects your intelligence (+4).
   SH:        It affects your SH (+5).
 J - the ring "Jeroovoikk" {rElec rC+ Dex+7 Stlth-}
   (You found it in a Gauntlet)

   [ring of protection from cold]

   Dex:       It affects your dexterity (+7).
   rC:        It protects you from cold.
   rElec:     It insulates you from electricity.
   Stlth:     It makes you less stealthy.
 K - the ring of Koeshrium {rPois rF+ Str-2 Dex+7 SInv}
   (You took it off a death knight on level 9 of the Dungeon)

   [ring of protection from fire]

   Str:       It affects your strength (-2).
   Dex:       It affects your dexterity (+7).
   rF:        It protects you from fire.
   rPois:     It protects you from poison.
   SInv:      It lets you see invisible.
 O - a ring of positive energy
 P - the ring of Mirth (right hand) {rF+ rC+ Int+6 Dex+4}
   (You bought it in a shop on level 2 of the Elven Halls)

   [ring of intelligence]

   Int:       It affects your intelligence (+6).
   Dex:       It affects your dexterity (+4).
   rF:        It protects you from fire.
   rC:        It protects you from cold.
 R - the ring of the Heavens {*Slow Fly rElec rC++ Str+3}
   (You took it off a spriggan berserker on level 2 of the Depths)

   [ring of flight]

   Str:       It affects your strength (+3).
   rC:        It greatly protects you from cold.
   rElec:     It insulates you from electricity.
   Fly:       It grants you flight.
   *Slow:     It may slow you when you take damage.
Wands
 g - a wand of paralysis (33)
 I - a wand of mindburst (121)
 L - a wand of digging (29)
 M - a wand of flame (166)
 V - a wand of iceblast (39)
 W - a wand of acid (34)
Scrolls
 c - 8 scrolls of vulnerability
 m - 7 scrolls of immolation
 n - 5 scrolls of fog
 w - 2 scrolls of magic mapping
 C - 4 scrolls of silence
 S - 8 scrolls of fear
 T - a scroll of holy word
Potions
 d - 7 potions of might
 h - 26 potions of curing
 l - 8 potions of lignification
 o - 8 potions of flight
 q - 5 potions of cancellation
 u - 4 potions of ambrosia
 x - 8 potions of heal wounds
 z - a potion of resistance
 A - a potion of mutation
 B - 8 potions of attraction
 D - 7 potions of brilliance
 G - 4 potions of magic
 Z - 4 potions of invisibility
Miscellaneous
 j - a tin of tremorstones (2/2)
 H - a phantom mirror
 Q - a lightning rod (4/4)


   Skills:
 O Level 27 Fighting
 - Level 14.0 Staves
 - Level 13.9(14.0) Slings
 - Level 1.5(8.6) Throwing
 + Level 23.6 Armour
 + Level 23.4 Dodging
 - Level 15.0 Shields
 - Level 15.0 Spellcasting
 - Level 9.0 Necromancy
 - Level 4.0 Transmutations
 - Level 7.0 Ice Magic
 - Level 3.0 Air Magic
 - Level 12.0 Earth Magic
 - Level 8.0 Poison Magic
 - Level 18.0 Invocations
 - Level 4.0 Evocations


You had 30 spell levels left.
You knew the following spells:

 Your Spells              Type           Power      Damage    Failure   Level
a - Frozen Ramparts       Ice            100%       1d12      1%          3
b - Borgnjor's Vile Clut  Necr/Erth      32%        N/A       2%          5
c - Lee's Rapid Deconstr  Erth           34%        3d18*     1%          5
d - Olgreb's Toxic Radia  Pois           57%        N/A       2%          4
e - Poisonous Vapours     Pois/Air       96%        N/A       1%          2
f - Mephitic Cloud        Conj/Pois/Air  38%        N/A       4%          3
g - Wereblood             Tmut           40%        N/A       1%          2
h - Passwall              Tmut/Erth      47%        N/A       1%          2

Your spell library contained the following spells:

 Spells                   Type           Power      Damage    Failure   Level
 Animate Skeleton         Necr           100%       N/A       1%          1
 Beastly Appendage        Tmut           80%        N/A       1%          1
 Freeze                   Ice            100%       1d11      1%          1
 Sandblast                Erth           100%       2d20      1%          1
 Sting                    Tmut/Pois      100%       1d8       1%          1
 Corpse Rot               Necr/Air       N/A        N/A       1%          2
 Sublimation of Blood     Necr           30%        N/A       1%          2
 Ozocubu's Armour         Ice            54%        N/A       1%          3
 Spider Form              Tmut/Pois      25%        N/A       1%          3
 Animate Dead             Necr           30%        N/A       1%          4
 Dispel Undead            Necr           60%        3d21      1%          4
 Ensorcelled Hibernation  Hex/Ice        74%        N/A       2%          2
 Petrify                  Tmut/Erth      57%        N/A       2%          4
 Shock                    Conj/Air       100%       1d9       3%          1
 Static Discharge         Conj/Air       27%        N/A       5%          2
 Animate Armour           Summ/Erth      100%       N/A       6%          4
 Leda's Liquefaction      Hex/Erth       25%        N/A       6%          4
 Apportation              Tloc           38%        N/A       7%          1
 Corona                   Hex            21%        N/A       7%          1
 Foxfire                  Conj/Fire      76%        2x1d7     7%          1
 Magic Dart               Conj           76%        1d6       7%          1
 Summon Small Mammal      Summ           76%        N/A       7%          1
 Ice Form                 Ice/Tmut       48%        N/A       7%          4
 Call Imp                 Summ           19%        N/A       11%         2
 Slow                     Hex            19%        N/A       11%         2
 Hailstorm                Conj/Ice       37%        3d9       16%         4
 Summon Ice Beast         Ice/Summ       37%        N/A       16%         4
 Call Canine Familiar     Summ           19%        N/A       21%         3
 Conjure Flame            Conj/Fire      19%        6-21      21%         3
 Gell's Gravitas          Tloc           9%         N/A       21%         3
 Inner Flame              Hex/Fire       19%        N/A       21%         3
 Lesser Beckoning         Tloc           9%         N/A       21%         3
 Portal Projectile        Hex/Tloc       38%        N/A       21%         3
 Teleport Other           Tloc           19%        N/A       21%         3
 Tukima's Dance           Hex            19%        N/A       21%         3
 Airstrike                Air            17%        N/A       21%         4
 Death Channel            Necr           30%        N/A       26%         6
 Summon Lightning Spire   Summ/Air       27%        N/A       36%         4
 Blade Hands              Tmut           20%        N/A       36%         5
 Bolt of Magma            Conj/Fire/Erth 20%        4d10      36%         5
 Simulacrum               Ice/Necr       28%        N/A       36%         6
 Statue Form              Tmut/Erth      38%        N/A       36%         6
 Cause Fear               Hex            9%         N/A       56%         4
 Passage of Golubria      Tloc           N/A        N/A       56%         4
 Sticky Flame             Conj/Fire      19%        2d4       56%         4
 Irradiate                Conj/Tmut      14%        3d18      63%         5
 Eringya's Noxious Bog    Tmut/Pois      25%        N/A       65%         6
 Iron Shot                Conj/Erth      25%        9d5       65%         6
 Lightning Bolt           Conj/Air       13%        1d27      71%         5
 Silence                  Hex/Air        13%        N/A       71%         5
 Fireball                 Conj/Fire      9%         3d6       88%         5
 Iskenderun's Battlesphe  Conj           19%        2d7       88%         5
 Manifold Assault         Tloc           19%        N/A       88%         5
 Summon Mana Viper        Hex/Summ       19%        N/A       88%         5
 Ozocubu's Refrigeration  Ice            27%        4d10      97%         7
 Conjure Ball Lightning   Conj/Air       13%        3x3d6     99%         6
 Dispersal                Tloc           9%         N/A       100%        6
 Shadow Creatures         Summ           N/A        N/A       100%        6
 Dragon Form              Tmut           20%        N/A       100%        7
 Haunt                    Necr/Summ      21%        N/A       100%        7
 Monstrous Menagerie      Summ           9%         N/A       100%        7
 Orb of Destruction       Conj           9%         9d4       100%        7
 Storm Form               Tmut/Air       18%        N/A       100%        7
 Discord                  Hex            9%         N/A       100%        8
 Disjunction              Tloc           9%         N/A       100%        8
 Ignition                 Fire           9%         3d5       100%        8
 Infestation              Necr           30%        N/A       100%        8
 Lehudib's Crystal Spear  Conj/Erth      25%        10d7      100%        8
 Maxwell's Capacitive Co  Air            17%        ∞         100%        8
 Dragon's Call            Summ           9%         N/A       100%        9
 Blink                    Tloc           Unusable   N/A       N/A         2

Dungeon Overview and Level Annotations

Branches:
Dungeon (15/15)            Temple (0/1) D:5            Lair (6/6) D:8
 Shoals (4/4) Lair:3       Spider (4/4) Lair:3        Slime (0/5) Lair:6
    Orc (2/2) D:12            Elf (3/3) Orc:2        Vaults (5/5) D:14
  Crypt (0/3) Vaults:3     Depths (5/5) D:15            Zot (5/5) Depths:5
 Bailey (visited)           IceCv (visited)         Volcano (visited)
Gauntlet (visited)

Altars:
Fedhas
Gozag
Hepliaklqana
Kikubaaqudgha
Makhleb
Qazlal
Sif Muna
Trog
Vehumet
Wu Jian
Xom
Yredelemnul
The Shining One
Beogh

Shops:
D:3 *   D:7 *   D:8 [   D:10 !   Orc:1 (   Orc:2 *=[(   Elf:1 [   Elf:2 ==:*
Elf:3 *   Shoals:2 *   Vaults:1 *

Portals:
Hell: Depths:1 Depths:2 Depths:3 Depths:4 Depths:5
Abyss: Depths:1 Depths:2 Depths:4
Pandemonium: Depths:3 Depths:4
Ziggurat: Depths:2
Trove: D:11 (give +6 demon blade)

Annotations:
D:4 1 runed translucent door, exclusions: door and 2 downstairs, Crazy Yiuf
D:6 1 runed translucent door, exclusion: door, Delamore's ghost, amateur OpBr
D:8 exclusion: downstairs
D:11 exclusion: downstairs
Lair:4 exclusion: 2 downstairs
Lair:5 exclusion: downstairs
Lair:6 3 exclusions
Shoals:1 exclusion: downstairs
Shoals:2 exclusion: downstairs
Shoals:3 exclusion: downstairs
Spider:1 exclusion: downstairs
Spider:2 exclusion: downstairs
Spider:3 exclusion: 2 downstairs
Elf:1 1 runed translucent door, exclusion: downstairs
Vaults:1 exclusion: downstairs
Vaults:4 exclusion: 2 downstairs
Depths:1 3 runed translucent doors, exclusions: 3 doors and 2 downstairs
Zot:3 exclusion: downstairs


Innate Abilities, Weirdness & Mutations

You cannot be hasted, slowed, berserked, paralysed or teleported.
You can dig through walls and to a lower floor.
You have a pair of large antennae on your head. (SInv)
Your four strong arms can wield two-handed weapons with a shield.
You have sharp toenails.
Your body sometimes deteriorates upon taking damage.
You are frail. (-10% HP)
Your magical capacity is low. (-10% MP)
You occasionally shout uncontrollably at your foes.
You sometimes lose the ability to read scrolls when taking damage.


Message History

You block the Executioner's attack.
The Executioner hits you but does no damage.
The Executioner misses you. You block the Executioner's attack.
The Executioner hits you but does no damage.
The Executioner barely misses you. You block the Executioner's attack.
The Executioner closely misses you.
The Executioner hits you but does no damage.
You block the Executioner's attack. x2
The Executioner hits you but does no damage.
You block the Executioner's attack. x2
The Executioner hits you but does no damage.
You block the Executioner's attack. x2
The Executioner hits you but does no damage.
You block the Executioner's attack. x2
The Executioner hits you but does no damage.
The Executioner closely misses you. You block the Executioner's attack. x3
The Executioner completely misses you. You block the Executioner's attack.
You block the Executioner's attack.
The Executioner hits you but does no damage.
You block the Executioner's attack. The Executioner completely misses you.
You block the Executioner's attack.
The Executioner hits you but does no damage.
The Executioner closely misses you. The Executioner misses you.
You block the Executioner's attack. x2; The Executioner misses you.
The Executioner closely misses you.
You see here 16 stones.
You block the Executioner's attack. x4; The Executioner hits you.
You block the Executioner's attack.
You block the Executioner's attack. x2; The Executioner hits you.
You block the Executioner's attack. The Executioner barely misses you.
The Executioner hits you but does no damage.
There is a staircase leading out of the dungeon here.
You block the Executioner's attack. x2
The Executioner hits you but does no damage.
You block the Executioner's attack.
The Executioner hits you but does no damage.
The Executioner completely misses you. x2; You block the Executioner's attack.
The Executioner misses you.
You have escaped!

#### #@1####
###X(..####
#.........###### #
##.............####
#.................
##......#.........
##...............
###.......#.....
##....#####...


You could see an Executioner (fast) and a large abomination.

Vanquished Creatures
  2 dread liches
  4 orbs of fire
  An ancient lich (Zot:5)
  Mara (Shoals:3)
  3 juggernauts (Depths:3)
  Boris (thrice) (Vaults:2 Depths:4 Depths:5)
  10 Killer Klowns
  3 curse toes
  A caustic shrike (Depths:1)
  14 golden dragons
  Jory (Vaults:2)
  A profane servitor (Depths:3)
  2 bone dragons (Zot:1)
  Jorgrun (Orc:2)
  25 Orb Guardians
  8 liches
  14 tentacled monstrosities
  3 electric golems
  An Ice Fiend (D:11)
  A Hell Sentinel (D:1)
  5 titans
  2 deep elf master archers (Elf:3)
  2 deep elf blademasters (Elf:3)
  An acid blob (Spider:3)
  15 death cobs
  An Executioner (Zot:4)
  8 quicksilver dragons
  3 sphinxes
  Roxanne (Spider:1)
  13 storm dragons
  7 tengu reavers
  13 shadow dragons
  10 draconian monks
  2 rockslimes
  2 azure jellies (IceCv)
  11 frost giants
  7 deep elf sorcerers
  4 ghost moths
  A cacodemon (D:3)
  7 draconian knights
  6 draconian shifters
  A balrug (Depths:1)
  6 fire giants
  6 iron dragons
  6 draconian stormcallers
  2 spectral caustic shrikes
  3 orc warlords
  18 vault wardens
  Aizul (Shoals:3)
  10 draconian scorchers
  A deep elf elementalist (Elf:3)
  7 draconian annihilators
  Louise (Shoals:1)
  7 emperor scorpions
  19 ironbound preservers
  2 spriggan defenders (Depths:3)
  7 war gargoyles
  15 stone giants
  34 very ugly things
  2 quicksilver oozes (IceCv)
  4 vampire knights
  Nessos (D:15)
  A lorocyproca (D:1)
  Azrael (D:11)
  8 deep elf demonologists
  22 green draconians
  12 white draconians
  13 black draconians
  8 purple draconians
  19 red draconians
  17 yellow draconians
  11 spark wasps
  6 entropy weavers
  16 deep elf annihilators
  2 dire elephants
  3 minotaurs
  Snorg (D:12)
  13 ettins
  2 merfolk javelineers
  6 merfolk impalers
  11 deep elf death magi
  6 statues (Depths:4)
  10 ironbound thunderhulks
  7 deep elf high priests
  Josephine (D:15)
  10 yaktaur captains
  A crystal guardian (Vaults:2)
  12 fire dragons
  8 hydras
  A monstrous demonspawn (Depths:4)
  8 ice dragons
  10 great orbs of eyes
  34 vault guards
  5 rakshasas
  11 boulder beetles
  4 salamander tyrants (Depths:4)
  4 peacekeepers
  12 spriggan air magi
  17 centaur warriors
  2 hell beasts
  4 catoblepae
  4 ogre magi
  6 two-headed ogres
  A death knight (D:15)
  A two-headed ogre (shapeshifter) (Depths:2)
  36 dancing weapons
  An alligator snapping turtle (Shoals:4)
  3 merfolk avatars (Shoals:4)
  17 deep troll earth magi
  11 satyrs (Shoals:4)
  7 death yaks (Lair:6)
  10 ironbound frosthearts
  A merfolk aquamancer (Shoals:3)
  2 vampire magi (Depths:3)
  Urug (D:12)
  7 ironbound beastmasters
  11 deep troll shamans
  12 hell knights
  12 tengu warriors
  5 spriggan berserkers
  3 orc high priests (Orc:2)
  2 sun demons
  21 deep elf knights
  A sixfirhy (D:7)
  15 iron trolls
  A fire crab (shapeshifter) (Vaults:5)
  4 sea snakes
  9 skeletal warriors (D:12)
  4 salamander mystics
  4 glowing orange brains
  A torturous demonspawn (D:8)
  3 flayed ghosts
  58 deep trolls
  12 lindwurms
  36 harpies
  12 deep elf archers
  9 ironbound convokers
  Pikel (D:2)
  12 orc knights
  9 phantasmal warriors
  6 necromancers
  13 wizards
  29 deep elf pyromancers
  A shining eye (shapeshifter) (Vaults:5)
  23 wolf spiders
  13 orb spiders
  28 deep elf zephyrmancers
  7 orc sorcerers
  An oklob plant (Spider:3)
  13 manticores
  A wolf spider (shapeshifter) (Vaults:5)
  18 fauns
  19 moths of wrath
  A rust devil (Depths:4)
  52 ugly things
  15 elephants
  11 salamanders
  8 merfolk sirens
  5 cyclopes
  An ice statue (IceCv)
  19 vault sentinels
  A black mamba (shapeshifter) (D:14)
  An orange demon (D:3)
  A fire giant skeleton (Depths:1)
  3 water nymphs
  6 black mambas
  A human skeleton (Vaults:4)
  A guardian serpent (shapeshifter) (Depths:3)
  Maurice (D:12)
  A molten gargoyle (Volcano)
  3 gargoyles
  3 torpor snails
  2 unseen horrors (D:12)
  A yaktaur zombie (Vaults:4)
  A smoke demon (Depths:1)
  2 torpor snails (shapeshifter)
  A kobold demonologist (D:11)
  13 cane toads
  A rime drake (Lair:4)
  6 komodo dragons
  A minotaur zombie (Gauntlet)
  4 freezing wraiths
  42 yaktaurs
  15 demonic crawlers
  4 tengu conjurers
  A red devil (D:8)
  An efreet (Gauntlet)
  A polar bear (shapeshifter) (Depths:2)
  6 entropy weaver simulacra (IceCv)
  A hellwing (Depths:4)
  A troll (shapeshifter) (D:15)
  30 merfolk
  4 wind drakes
  45 jumping spiders
  4 trolls
  3 polar bears
  Grinder (D:5)
  Prince Ribbit (D:5)
  59 slime creatures
  7 hornets
  3 snapping turtles
  A slime creature (shapeshifter) (Vaults:5)
  17 blink frogs
  A deep troll zombie (Depths:1)
  12 dream sheep
  An ice dragon zombie (Depths:1)
  2 spriggans (Depths:2)
  9 water elementals
  Sigmund (D:2)
  A centaur simulacrum (D:15)
  A redback (shapeshifter) (Vaults:5)
  4 air elementals
  79 redbacks
  34 tarantellas
  A basilisk (shapeshifter) (D:15)
  6 wyverns
  A shadow (D:10)
  46 yaks
  5 wraiths
  5 basilisks
  A fire bat (Volcano)
  Eustachio (D:4)
  10 fire elementals
  16 vampire mosquitoes
  2 steam dragons (D:10)
  A neqoxec (Depths:3)
  A warg (Vaults:5)
  3 demonic crawler simulacra (IceCv)
  6 acid dragons
  21 water moccasins
  3 hell hounds
  3 large abominations (Zot:4)
  2 floating eyes
  A floating eye (shapeshifter) (Vaults:4)
  4 sky beasts
  33 orc warriors
  4 ugly thing simulacra (IceCv)
  23 wolves
  3 necrophages
  9 centaurs
  6 ogres
  A phantom (D:4)
  A lemure (D:4)
  4 kobold brigands
  11 bullfrogs
  A gnoll sergeant (D:8)
  2 earth elementals
  4 scorpions
  An ogre simulacrum (Vaults:3)
  A wyvern zombie (D:7)
  5 glowing shapeshifter simulacra (IceCv)
  A water moccasin skeleton (D:6)
  A wyvern skeleton (D:7)
  13 killer bees
  9 howler monkeys
  The ghost of Sapher the Magician, a weakling DjFE of Cheibriados (D:5)
  4 wights (D:9)
  9 electric eels
  4 lava snakes (Volcano)
  A bullfrog zombie (D:7)
  6 centaur zombies
  2 jellies
  A gnoll shaman (D:6)
  14 orc priests
  4 hounds
  2 centaur skeletons (D:7)
  Ijyb (D:4)
  3 bullfrog skeletons
  Natasha (thrice) (D:3)
  An iguana (D:3)
  14 orc wizards
  4 hell rats (Lair:4)
  A hound skeleton (D:5)
  A howler monkey zombie (D:9)
  3 gnolls (D:6)
  9 adders
  2 howler monkey skeletons
  2 ufetubi (D:3)
  An adder skeleton (D:4)
  A worm (D:3)
  2 dart slugs
  78 orcs
  8 ball pythons
  5 endoplasms
  4 giant cockroaches
  10 goblins
  10 hobgoblins
  6 jackals
  2 quokkas
  7 bats
  4 frilled lizards
  22 kobolds
  7 rats
  A fire vortex (Depths:3)
2339 creatures vanquished.

Vanquished Creatures (collateral kills)
  Arachne (Spider:4)
  An Orb Guardian (Zot:5)
  Asterion (Spider:3)
  A war gargoyle (Vaults:2)
  2 ironbound preservers (Vaults:2)
  A vault guard (Vaults:5)
  A peacekeeper (Vaults:2)
  A death knight (D:9)
  An ugly thing (Vaults:2)
  2 moths of wrath (Zot:5)
  An entropy weaver simulacrum (IceCv)
  A water elemental (Shoals:1)
  2 redbacks (Spider:4)
  A wraith (D:15)
  A centaur (D:15)
  A bullfrog (Lair:3)
19 creatures vanquished.

Vanquished Creatures (others)
  A storm dragon (Zot:4)
  A vampire knight (Depths:3)
  A wizard (Depths:4)
  A deep elf zephyrmancer (Elf:1)
  A salamander (Depths:3)
  A hornet (Depths:2)
  An orc warrior (D:8)
  A kobold (D:7)
  39 fungi
  118 plants
165 creatures vanquished.

Grand Total: 2523 creatures vanquished

Notes
Turn   | Place    | Note
-------+----------+-------------------------------------------
     0 | D:1      | AarnesTheHuman the Formicid Fighter began the quest for the
                  | Orb.
     0 | D:1      | Reached XP level 1. HP: 18/18 MP: 1/1
    40 | D:1      | Reached XP level 2. HP: 16/24 MP: 2/2
   674 | D:1      | Reached XP level 3. HP: 26/29 MP: 3/3
  1084 | D:2      | Found a stormy altar of Qazlal.
  1137 | D:1      | Reached XP level 4. HP: 10/37 MP: 4/4
  1611 | D:2      | Reached skill level 4 in Fighting
  1640 | D:2      | Reached XP level 5. HP: 42/42 MP: 5/5
  2660 | D:2      | Noticed Sigmund
  2667 | D:2      | Killed Sigmund
  2668 | D:2      | Reached skill level 5 in Shields
  2668 | D:2      | Reached XP level 6. HP: 41/49 MP: 6/6
  3289 | D:3      | Reached XP level 7. HP: 55/55 MP: 7/7
  3314 | D:3      | Found Mokhliomp's General Store.
  3438 | D:3      | Noticed Natasha
  3448 | D:3      | Killed Natasha
  3449 | D:3      | Reached skill level 5 in Fighting
  3449 | D:3      | Reached skill level 5 in Armour
  3517 | D:3      | Noticed Natasha
  3525 | D:3      | Killed Natasha
  3550 | D:3      | Noticed Natasha
  3560 | D:3      | Killed Natasha
  3655 | D:3      | Found a bloodstained altar of Trog.
  3665 | D:3      | Found a basalt altar of Yredelemnul.
  3666 | D:3      | Found a burning altar of Makhleb.
  3670 | D:3      | Found an ornate altar of the Wu Jian Council.
  3921 | D:3      | Became a worshipper of Makhleb the Destroyer
  4280 | D:3      | Found a faded altar of an unknown god.
  4686 | D:4      | Noticed Pikel
  4697 | D:3      | Reached skill level 1 in Invocations
  4893 | D:4      | Identified a scroll of acquirement
  4893 | D:4      | Acquired a +1 plate armour of fire resistance
  5078 | D:4      | Noticed Ijyb
  5304 | D:2      | Killed Pikel
  5305 | D:2      | Reached skill level 5 in Staves
  5305 | D:2      | Reached XP level 8. HP: 33/62 MP: 8/10
  5971 | D:4      | Killed Ijyb
  5985 | D:4      | Found a runed translucent door.
  5986 | D:4      | Noticed Crazy Yiuf
  6248 | D:5      | Entered Level 5 of the Dungeon
  6281 | D:5      | Found a runed translucent door.
  6281 | D:5      | Noticed Sapher's ghost (weakling DjFE)
  6281 | D:5      | Noticed Prince Ribbit
  6334 | D:5      | Noticed Eustachio
  6339 | D:5      | Reached * piety under Makhleb
  6403 | D:4      | Killed Eustachio
  6404 | D:4      | Reached skill level 5 in Invocations
  6404 | D:4      | Reached XP level 9. HP: 53/68 MP: 12/12
  6786 | D:5      | Killed Prince Ribbit
  6818 | D:5      | Found a staircase to the Ecumenical Temple.
  6980 | D:5      | Noticed Grinder
  6993 | D:5      | Killed Grinder
  6994 | D:5      | Reached skill level 6 in Fighting
  7615 | D:6      | Found a runed translucent door.
  7639 | D:6      | Reached skill level 7 in Fighting
  8041 | D:6      | Reached skill level 1 in Slings
  8052 | D:6      | Reached XP level 10. HP: 79/79 MP: 12/14
  8171 | D:6      | Found a shimmering altar of Xom.
  8171 | D:6      | Noticed Delamore's ghost (amateur OpBr)
  8171 | D:6      | Noticed a +0 mace of chaos
  9185 | D:6      | Reached ** piety under Makhleb
  9306 | D:7      | Found Rurchi Kore's Assorted Antiques.
  9314 | D:7      | Bought a sparkling ivory amulet for 110 gold pieces
  9314 | D:7      | Identified the amulet "Nefric" {Reflect Int+4 SH+5} (You
                  | bought it in a shop on level 7 of the Dungeon)
  9962 | D:7      | Reached skill level 8 in Fighting
 10312 | D:8      | Reached skill level 1 in Dodging
 10896 | D:8      | Reached skill level 1 in Throwing
 11139 | D:8      | Reached XP level 11. HP: 74/87 MP: 17/17
 11269 | D:8      | Found Buiw Noa's Armour Emporium.
 11345 | D:8      | Reached *** piety under Makhleb
 12020 | D:8      | Reached skill level 9 in Fighting
 12489 | D:8      | Found a staircase to the Lair.
 13071 | D:9      | Found a hazy altar of Hepliaklqana.
 13071 | D:9      | Found a blossoming altar of Fedhas.
 13267 | D:9      | Reached skill level 5 in Dodging
 13300 | D:9      | Noticed a cyclops
 13320 | D:9      | Killed a cyclops
 13365 | D:9      | Noticed a tengu warrior
 13390 | D:9      | Killed a tengu warrior
 13418 | D:9      | Noticed a manticore
 13534 | D:9      | Killed a manticore
 13600 | D:9      | Identified the ring of Koeshrium {rPois rF+ Str-2 Dex+7
                  | SInv}
 13600 | D:9      | Noticed a death knight
 13958 | Lair:1   | Entered Level 1 of the Lair of Beasts
 14122 | Lair:1   | Reached skill level 10 in Invocations
 14142 | Lair:1   | Noticed a boulder beetle
 14162 | Lair:1   | Killed a boulder beetle
 14163 | Lair:1   | Reached skill level 10 in Fighting
 14236 | Lair:1   | Acquired 1055 gold pieces
 14311 | D:7      | Bought a scroll of acquirement for 1144 gold pieces
 14311 | D:7      | Acquired the +3 sling "Punk" {acid, rCorr}
 14311 | D:7      | Found the +3 sling "Punk" {acid, rCorr}
 14666 | Lair:1   | Reached XP level 12. HP: 84/97 MP: 19/19
 14959 | Lair:1   | Reached **** piety under Makhleb
 15505 | D:9      | Killed a death knight
 15738 | Lair:2   | Found a gate leading to a gauntlet.
 15756 | Gauntlet | Entered a Gauntlet
 15756 | Gauntlet | Found a transporter.
 15762 | Gauntlet | Found a transporter.
 15764 | Gauntlet | Found a transporter.
 15775 | Gauntlet | Found a transporter.
 15778 | Gauntlet | Found a transporter.
 15786 | Gauntlet | Found a transporter.
 15786 | Gauntlet | Noticed a death drake
 15801 | Gauntlet | Noticed a wretched star
 15802 | Gauntlet | Found a runed translucent door.
 15803 | Gauntlet | Found a transporter.
 15804 | Gauntlet | Found a runed translucent door.
 15814 | Gauntlet | Found a transporter.
 15824 | Gauntlet | Found a runed translucent gate.
 15825 | Gauntlet | Found a transporter.
 15825 | Gauntlet | Found a runed translucent gate.
 15826 | Gauntlet | Found a runed translucent gate.
 15841 | Gauntlet | Found a transporter.
 15849 | Gauntlet | Found a runed translucent door.
 15851 | Gauntlet | Found a transporter.
 15851 | Gauntlet | Found a transporter.
 15853 | Gauntlet | Found a runed translucent door.
 15902 | Gauntlet | Found a transporter.
 15916 | Gauntlet | Found a transporter.
 16090 | Gauntlet | Reached skill level 5 in Slings
 16130 | Gauntlet | Reached skill level 11 in Fighting
 16152 | Gauntlet | Identified the ring "Jeroovoikk" {rElec rC+ Dex+7 Stlth-}
 16247 | Gauntlet | Noticed a minotaur
 16265 | Gauntlet | Killed a minotaur
 16295 | Gauntlet | Got the Grimoire of Frigorific Feathers
 16295 | Gauntlet | Got the Handbook of Toxins
 16295 | Gauntlet | Got Reraj's Collected Works on Feathers
 16933 | Lair:2   | Noticed a five-headed hydra
 16949 | Lair:2   | Killed a five-headed hydra
 17113 | Lair:2   | Reached XP level 13. HP: 106/106 MP: 21/21
 17166 | Lair:2   | Noticed a four-headed hydra
 17295 | Lair:2   | Killed a four-headed hydra
 17296 | Lair:2   | Reached skill level 10 in Slings
 18211 | Lair:3   | Found a hole to the Spider Nest.
 18396 | Lair:3   | Noticed a catoblepas
 18415 | Lair:3   | Killed a catoblepas
 18672 | Lair:3   | Found a staircase to the Shoals.
 18700 | Lair:3   | Reached skill level 10 in Shields
 18883 | Lair:3   | Identified the +2 robe "Gogiutt" {Int+7}
 18949 | Lair:4   | Noticed a boulder beetle
 18968 | Lair:4   | Killed a boulder beetle
 19604 | Lair:4   | Noticed a six-headed hydra
 19614 | Lair:4   | Killed a six-headed hydra
 19751 | Lair:4   | Noticed a boulder beetle
 19768 | Lair:4   | Reached ***** piety under Makhleb
 19785 | Lair:4   | Killed a boulder beetle
 20046 | Lair:4   | Reached XP level 14. HP: 113/113 MP: 22/22
 21737 | Lair:6   | Entered Level 6 of the Lair of Beasts
 21833 | Lair:6   | Found a dark tunnel.
 21842 | Volcano  | Entered a volcano
 21955 | Volcano  | Found a burning altar of Makhleb.
 22083 | Volcano  | Identified the +2 pair of boots of Negligence {rElec rF-
                  | rC++ Str+3}
 22198 | Lair:6   | Found a frozen archway.
 22255 | IceCv    | Entered an ice cave
 22875 | IceCv    | Noticed a quicksilver ooze
 22880 | IceCv    | Killed a quicksilver ooze
 22937 | IceCv    | Noticed a quicksilver ooze
 22944 | IceCv    | Killed a quicksilver ooze
 22945 | IceCv    | Reached skill level 15 in Shields
 22945 | IceCv    | Reached XP level 15. HP: 82/118 MP: 10/23
 23079 | IceCv    | Found a viscous altar of Jiyva.
 23079 | IceCv    | Noticed an azure jelly
 23097 | IceCv    | Killed an azure jelly
 23179 | IceCv    | Noticed an azure jelly
 23196 | IceCv    | Killed an azure jelly
 23260 | IceCv    | Got the Volume of the Glacier
 24065 | Lair:6   | Found a staircase to the Slime Pits.
 24329 | Lair:6   | Reached skill level 12 in Fighting
 24476 | Lair:6   | Reached ****** piety under Makhleb
 25184 | D:3      | Bought a +2 pair of gloves of strength for 258 gold pieces
 25768 | D:10     | Entered Level 10 of the Dungeon
 25858 | D:10     | Found Huow's Distillery.
 25874 | D:10     | Bought a potion of heal wounds for 60 gold pieces
 26255 | D:10     | Got the Tome of Fiery Earth
 26998 | D:11     | Found a portal to a secret trove of treasure.
 27065 | D:11     | Reached skill level 13 in Fighting
 27509 | D:12     | Noticed Azrael
 27540 | D:11     | Killed Azrael
 27541 | D:11     | Reached XP level 16. HP: 90/130 MP: 25/25
 27751 | D:12     | Noticed Snorg
 27758 | D:12     | Killed Snorg
 27773 | D:12     | Reached skill level 10 in Armour
 27936 | D:12     | Noticed Maurice
 27937 | D:12     | Reached skill level 10 in Staves
 27971 | D:12     | Killed Maurice
 28110 | D:12     | Noticed Urug
 28123 | D:12     | Killed Urug
 28228 | D:12     | Found a staircase to the Orcish Mines.
 28758 | Orc:1    | Entered Level 1 of the Orcish Mines
 28763 | Orc:1    | Found Zuofed's Antique Weapon Emporium.
 28794 | Orc:1    | Bought a pitted quarterstaff for 261 gold pieces
 28794 | Orc:1    | Identified the +6 quarterstaff of Ragoha Fef {elec, Str+2}
                  | (You bought it in a shop on level 1 of the Orcish Mines)
 29100 | Orc:2    | Entered Level 2 of the Orcish Mines
 29307 | Orc:2    | Noticed Jorgrun
 29324 | Orc:2    | Killed Jorgrun
 29502 | Orc:2    | Found a staircase to the Elven Halls.
 29916 | Orc:2    | Found Utoog's General Store.
 29916 | Orc:2    | Found Soinegh's Jewellery Emporium.
 29919 | Orc:2    | Found Ompanome's Weapon Emporium.
 29919 | Orc:2    | Found Tuagho's Antique Armour Boutique.
 31361 | D:14     | Found a gate to the Vaults.
 31537 | D:14     | Found a flagged portal.
 31541 | D:14     | Reached skill level 10 in Dodging
 31559 | Bailey   | Entered a bailey
 31658 | Bailey   | Reached XP level 17. HP: 138/138 MP: 26/26
 32251 | D:14     | Reached skill level 14 in Fighting
 33071 | D:15     | Entered Level 15 of the Dungeon
 33260 | D:15     | Noticed Josephine
 33297 | D:15     | Killed Josephine
 33582 | D:15     | Found a glowing golden altar of the Shining One.
 33826 | D:15     | Found a staircase to the Depths.
 33940 | D:15     | Noticed Nessos
 33950 | D:15     | Killed Nessos
 34590 | Orc:2    | Bought a ring of willpower for 400 gold pieces
 34900 | Spider:1 | Entered Level 1 of the Spider Nest
 35188 | Spider:1 | Identified Roxanne's Guide on Changing
 35188 | Spider:1 | Noticed Roxanne
 35234 | Spider:1 | Killed Roxanne
 35434 | Spider:1 | Reached XP level 18. HP: 146/146 MP: 27/27
 38358 | Spider:3 | Noticed an acid blob
 38379 | Spider:3 | Killed an acid blob
 38380 | Spider:3 | Reached skill level 15 in Fighting
 38380 | Spider:3 | Reached skill level 15 in Armour
 38688 | Spider:3 | Learned a level 3 spell: Frozen Ramparts
 38722 | Spider:4 | Entered Level 4 of the Spider Nest
 38722 | Spider:4 | Noticed Arachne
 38884 | Spider:4 | Noticed Asterion
 38909 | Spider:3 | Noticed an Executioner
 38912 | Spider:3 | Killed Asterion
 38913 | Spider:3 | Reached skill level 1 in Spellcasting
 38913 | Spider:3 | Reached skill level 1 in Ice Magic
 39486 | Spider:4 | Killed Arachne
 39487 | Spider:4 | Reached XP level 19. HP: 112/155 MP: 28/28
 41061 | Spider:4 | Reached skill level 5 in Spellcasting
 41061 | Spider:4 | Reached skill level 5 in Ice Magic
 42000 | Spider:4 | Got a gossamer rune of Zot
 42685 | Shoals:1 | Entered Level 1 of the Shoals
 42875 | Shoals:1 | Identified the ring of Dokiy {MP+9 Dex+2}
 43340 | Shoals:1 | Noticed Louise
 43368 | Shoals:1 | Killed Louise
 44266 | Shoals:2 | Found Juunwuk's Overcharged Wands.
 45554 | Shoals:3 | Reached XP level 20. HP: 163/163 MP: 32/32
 45725 | Shoals:3 | Noticed Aizul
 45753 | Shoals:3 | Killed Aizul
 45893 | Shoals:4 | Entered Level 4 of the Shoals
 46057 | Shoals:4 | Reached skill level 16 in Fighting
 46376 | Shoals:4 | Noticed Mara
 46428 | Shoals:3 | Noticed AarnesTheHuman's illusion
 46430 | Shoals:3 | Killed Mara
 47000 | Shoals:4 | Got a barnacled rune of Zot
 47186 | Shoals:4 | Identified the +7 dire flail "Askawk" {holy, rN+ rCorr}
 47552 | Vaults:1 | Entered Level 1 of the Vaults
 47563 | Vaults:1 | You fall into a shaft and drop 1 floor!
 48103 | Vaults:1 | Reached skill level 15 in Dodging
 48338 | D:14     | Reached XP level 21. HP: 159/173 MP: 33/33
 48392 | Vaults:1 | Reached skill level 17 in Fighting
 48631 | Vaults:1 | Found Meikauch's General Store.
 49827 | Vaults:2 | Noticed Jory
 49839 | Vaults:2 | Killed Jory
 50188 | Vaults:2 | Noticed Boris
 50210 | Vaults:2 | Killed Boris
 51117 | Vaults:2 | Learned a level 5 spell: Borgnjor's Vile Clutch
 51260 | Vaults:2 | Reached skill level 1 in Earth Magic
 51289 | Vaults:2 | Reached skill level 1 in Necromancy
 52240 | Vaults:3 | Reached skill level 10 in Spellcasting
 52240 | Vaults:3 | Reached XP level 22. HP: 181/181 MP: 34/36
 52253 | Vaults:2 | Reached skill level 5 in Earth Magic
 52332 | Vaults:3 | Identified the +3 ring mail of the Forgotten Runes {rC+}
 52472 | Vaults:3 | Reached skill level 5 in Necromancy
 53837 | Vaults:3 | Found a staircase to the Crypt.
 53837 | Vaults:3 | Found an ancient bone altar of Kikubaaqudgha.
 53837 | Vaults:3 | Found a basalt altar of Yredelemnul.
 55187 | Vaults:4 | Reached XP level 23. HP: 182/187 MP: 39/39
 56139 | Vaults:4 | Acquired the +7 fustibalus of Inference {venom, *Corrode
                  | rC- Str+6 Dex+3}
 56642 | Elf:1    | Entered Level 1 of the Elven Halls
 56642 | Elf:1    | Found a runed translucent gate.
 56642 | Elf:1    | Found a runed translucent gate.
 56642 | Elf:1    | Found a runed translucent gate.
 56642 | Elf:1    | Found a runed translucent gate.
 56642 | Elf:1    | Found a runed translucent gate.
 56642 | Elf:1    | Found a runed translucent gate.
 56648 | Elf:1    | Found a runed translucent door.
 56665 | Elf:1    | Found a runed translucent door.
 56722 | Elf:1    | You fall into a shaft and drop 1 floor!
 56752 | Elf:2    | Found Dapnoq's Assorted Antiques.
 56824 | Elf:2    | Found a runed translucent gate.
 56824 | Elf:2    | Found a runed translucent gate.
 56824 | Elf:2    | Found a runed translucent gate.
 57074 | Elf:1    | Reached skill level 10 in Earth Magic
 57345 | Elf:1    | Found Osmiepn's Antique Armour Boutique.
 57350 | Elf:1    | Bought an embroidered cloak for 240 gold pieces
 57759 | Elf:2    | Found a shimmering blue altar of Sif Muna.
 57780 | Elf:2    | Reached skill level 18 in Fighting
 57844 | Elf:1    | Learned a level 5 spell: Lee's Rapid Deconstruction
 57849 | Elf:1    | Learned a level 4 spell: Olgreb's Toxic Radiance
 57850 | Elf:2    | Found Gimoongu's Jewellery Emporium.
 57948 | Elf:2    | Reached skill level 1 in Poison Magic
 58031 | Elf:2    | Found Zoeggo's Jewellery Shoppe.
 58045 | Elf:2    | Bought the ring of Mirth {rF+ rC+ Int+6 Dex+4} for 1406
                  | gold pieces
 58058 | Elf:2    | Found Puggezeu's Book Shop.
 58338 | Elf:2    | Identified the +5 scale mail of Kindness {rPois}
 59360 | Elf:2    | Reached skill level 5 in Poison Magic
 59608 | Elf:3    | Entered Level 3 of the Elven Halls
 59616 | Elf:3    | Found Voaklot's Assorted Antiques.
 59624 | Elf:3    | Bought a glowing coppery potion for 23 gold pieces
 59786 | Elf:3    | Reached XP level 24. HP: 197/197 MP: 35/40
 59887 | Elf:3    | Gained mutation: Your magical capacity is low. (-10% MP) [a
                  | neqoxec]
 60778 | Elf:3    | Learned a level 2 spell: Poisonous Vapours
 60779 | Elf:3    | Identified the +5 short sword "Metocig" {flame, rF+ rN+}
 60782 | Elf:3    | Learned a level 3 spell: Mephitic Cloud
 61647 | Elf:3    | Identified the ring of the Death Scarab {rPois rCorr AC+4
                  | Dex-2 SInv}
 61988 | Elf:3    | Identified the +0 leather armour of Aserghiet {Harm rC+}
 62290 | Elf:3    | Reached skill level 19 in Fighting
 62408 | Elf:3    | Got the Compendium of the Escort
 62459 | Elf:3    | Identified the +3 scythe of Disintegration {vorpal, Int+3
                  | Dex+3}
 63008 | Depths:1 | Entered Level 1 of the Depths
 63027 | Depths:1 | Reached skill level 1 in Air Magic
 63818 | Depths:1 | Found an opulent altar of Gozag.
 64149 | Depths:1 | Identified the +1 robe "Vugoyv" {Contam rPois Int+7 Stlth+}
 64331 | Depths:1 | Found a one-way gate to the infinite horrors of the Abyss.
 64420 | Depths:1 | Reached XP level 25. HP: 208/208 MP: 36/36
 64597 | Depths:1 | Found a gateway to Hell.
 64935 | Depths:1 | Found a runed translucent gate.
 64935 | Depths:1 | Found a runed translucent gate.
 64935 | Depths:1 | Found a runed translucent gate.
 65027 | Depths:2 | Reached skill level 15 in Invocations
 65039 | Depths:2 | Noticed a caustic shrike
 65059 | Depths:1 | Killed a caustic shrike
 65179 | Depths:2 | Reached skill level 20 in Fighting
 65437 | Depths:2 | Identified the ring of Accord {rF+ rCorr Str+4 Int+2 Dex+6}
 65860 | Depths:2 | Identified the ring of the Heavens {*Slow Fly rElec rC++
                  | Str+3}
 66090 | Depths:2 | Reached skill level 21 in Fighting
 66601 | Depths:2 | Found a gateway to a ziggurat.
 67194 | Depths:3 | Found a one-way gate leading to the halls of Pandemonium.
 67732 | Depths:3 | Noticed a juggernaut
 67763 | Depths:3 | Killed a juggernaut
 67764 | Depths:3 | Reached skill level 22 in Fighting
 68095 | Depths:3 | Reached XP level 26. HP: 226/226 MP: 16/36
 68222 | Depths:3 | Noticed a juggernaut
 68238 | Depths:3 | Killed a juggernaut
 68505 | Depths:3 | Identified the ring of Ohosiet {Fly rPois Dex+3}
 68789 | Depths:3 | Noticed a juggernaut
 68804 | Depths:3 | Killed a juggernaut
 68805 | Depths:3 | Reached skill level 23 in Fighting
 69726 | Depths:3 | Learned a level 2 spell: Wereblood
 69795 | Depths:3 | Reached skill level 1 in Transmutations
 70344 | Depths:4 | Found a stormy altar of Qazlal.
 70511 | Depths:3 | Reached skill level 24 in Fighting
 71219 | Depths:4 | Learned a level 2 spell: Passwall
 71678 | Depths:4 | Noticed Boris
 71688 | Depths:4 | Killed Boris
 71689 | Depths:4 | Reached XP level 27. HP: 214/238 MP: 4/36
 71948 | Depths:4 | Found a radiant altar of Vehumet.
 72676 | Depths:5 | Entered Level 5 of the Depths
 72716 | Depths:5 | Noticed Boris
 72732 | Depths:5 | Killed Boris
 74019 | Depths:5 | Found a gate to the Realm of Zot.
 74473 | Vaults:5 | Entered Level 5 of the Vaults
 75021 | Vaults:4 | Reached skill level 25 in Fighting
 75114 | Vaults:4 | Reached skill level 1 in Evocations
 75396 | Vaults:5 | Identified the ring "Ymueg" {+Blink Fly rPois Int+4}
 76621 | Vaults:5 | Got the Handbook of Ignition
 76763 | Vaults:5 | Got a silver rune of Zot
 76889 | Vaults:5 | Reached skill level 15 in Spellcasting
 77232 | Vaults:5 | Identified the ring of Riowibery {rPois rCorr Str+2 Int+2
                  | Slay+4}
 77592 | Vaults:5 | Identified the +9 trident "Goblinslayer" {holy, *Corrode
                  | rPois rN+++ Str-2}
 78037 | Vaults:5 | Found the +2 ratskin cloak {*Rats rPois rN+ Str-1 Int-1
                  | Dex+1}
 78047 | Vaults:5 | Got the Catalogue of the Floating Mountains
 78237 | Vaults:5 | Identified the amulet "Duclump" {Acrobat rF- Int+7}
 78658 | Zot:1    | Entered Level 1 of the Realm of Zot
 79425 | Zot:1    | Identified the +3 chain mail of the Harvest {rF+ Stlth+}
 80281 | Zot:1    | Noticed a Killer Klown
 80283 | Zot:1    | Noticed a dread lich
 80349 | Zot:1    | Killed a dread lich
 80350 | Zot:1    | Reached skill level 26 in Fighting
 80379 | Zot:1    | Killed a Killer Klown
 80626 | Zot:1    | Noticed a Killer Klown
 80636 | Zot:1    | a Killer Klown changed into a rockslime
 80906 | Zot:1    | Got the Tome of Stones and Bewitchment
 84826 | Zot:3    | Reached skill level 27 in Fighting
 86371 | Zot:5    | Entered Level 5 of the Realm of Zot
 86380 | Zot:5    | Identified the +8 plate armour of Chimes {rF+}
 87538 | Zot:5    | Gained mutation: You have sharp toenails. [mutagenic glow]
 87560 | Zot:5    | Gained mutation: Your magical capacity is very low. (-20%
                  | MP) [mutagenic glow]
 87571 | Zot:5    | Gained mutation: You are weak. (Str -2) [mutagenic glow]
 88134 | Zot:5    | Noticed a Killer Klown
 88352 | Zot:5    | Noticed a Killer Klown
 88368 | Zot:5    | Killed a Killer Klown
 88467 | Zot:5    | Noticed a Killer Klown
 88480 | Zot:5    | Killed a Killer Klown
 88942 | Zot:5    | Killed a Killer Klown
 88970 | Zot:5    | Noticed an ancient lich
 88985 | Zot:5    | Killed an ancient lich
 89011 | Zot:5    | Noticed a Killer Klown
 89022 | Zot:5    | a Killer Klown changed into a rockslime
 89587 | Zot:5    | Noticed a Killer Klown
 89598 | Zot:5    | Killed a Killer Klown
 89881 | Zot:5    | Noticed a Killer Klown
 90159 | Zot:5    | Killed a Killer Klown
 90338 | Zot:5    | Noticed a dread lich
 90356 | Zot:5    | Killed a dread lich
 90492 | Zot:5    | Noticed an orb of fire
 90504 | Zot:5    | Killed an orb of fire
 90531 | Zot:5    | Noticed a Killer Klown
 90537 | Zot:5    | Killed a Killer Klown
 90611 | Zot:5    | Noticed a Killer Klown
 90621 | Zot:5    | Killed a Killer Klown
 91011 | Zot:5    | Noticed an orb of fire
 91434 | Zot:5    | Gained mutation: Your magical capacity is extremely low.
                  | (-30% MP) [an orb of fire]
 91435 | Zot:5    | Noticed an orb of fire
 91445 | Zot:4    | Lost mutation: You are weak. (Str -2) [an orb of fire]
 91449 | Zot:4    | Killed an orb of fire
 91839 | Zot:5    | Gained mutation: Your body sometimes deteriorates upon
                  | taking damage. [an orb of fire]
 91840 | Zot:5    | Gained mutation: You are frail. (-10% HP) [an orb of fire]
 91854 | Zot:5    | Killed an orb of fire
 92500 | Zot:5    | Noticed a Killer Klown
 92509 | Zot:5    | Noticed an orb of fire
 92512 | Zot:5    | Gained mutation: You sometimes lose the ability to read
                  | scrolls when taking damage. [an orb of fire]
 92519 | Zot:5    | Gained mutation: Your body often deteriorates upon taking
                  | damage. [an orb of fire]
 92523 | Zot:5    | Gained mutation: You occasionally shout uncontrollably at
                  | your foes. [an orb of fire]
 92537 | Zot:5    | Killed an orb of fire
 92554 | Zot:5    | Noticed a Killer Klown
 92565 | Zot:5    | Killed a Killer Klown
 92566 | Zot:5    | Killed a Killer Klown
 92723 | Zot:5    | Lost mutation: Your magical capacity is extremely low.
                  | (-30% MP) [potion of mutation]
 92723 | Zot:5    | Lost mutation: Your body often deteriorates upon taking
                  | damage. [potion of mutation]
 92723 | Zot:5    | Lost mutation: Your magical capacity is very low. (-20% MP)
                  | [potion of mutation]
 93981 | D:5      | Killed Sapher's ghost
 94772 | Zot:5    | Got the Orb of Zot
 95467 | D:$      | Escaped with the Orb!

Illustrated notes

Levels and vault maps discovered:
D:1:      eino_arrival_cavern_e, layout_basic
D:2:      cheibrodos_pilgrimage, layout_basic, basic_altar, minmay_statues_item,
          minmay_misc_feat_nine_boxes, uniq_sigmund
D:3:      layout_basic, minitemple, basic_ecumenical_altar, serial_shops,
          nicolae_shop_crystal, minmay_misc_feat_x, minmay_crystal_water,
          uniq_natasha
D:4:      minmay_spotlight, layout_basic, uniq_crazy_yiuf_cottage, uniq_ijyb,
          uniq_pikel
D:5:      layout_rooms, minmay_temple_entry_junction,
          hellmonk_ghost_happy_afterlife, uniq_grinder, uniq_prince_ribbit1,
          uniq_eustachio
D:6:      layout_layer_cave, ebering_ghost_xom, minmay_crystal_room,
          chequers_serial_rivers_micro_b, nrook_campfire, minivault_22
D:7:      layout_loops_corners, serial_shops, shop
D:8:      layout_basic, erik_lair_island, serial_shops, nicolae_shop_stone,
          st_stairs_14, hangedman_abyss_or_decor_stagger
D:9:      minmay_blocky_corners, layout_long_grid,
          gammafunk_temple_overflow_pools
D:10:     layout_basic, serial_shops,
          nicolae_shop_temple_entry_statues_fountains, hangedman_misty_isle
D:11:     layout_roguey, enter_trove_3
D:12:     layout_roguey, david_orc_5, uniq_snorg, uniq_maurice, uniq_urug,
          uniq_azrael
D:13:     layout_basic
D:14:     layout_basic, lightli_vaults_fourway_checkpoint, enter_bailey_5
D:15:     grunt_enter_depths_hoard, layout_irregular_city, tso_altar,
          uniq_josephine, uniq_nessos
Lair:1:   layout_gridlike, serial_bayou_pond_d, nzn_sisyphean_effort,
          serial_bayou_shore_a, grunt_megastairs_3
Lair:2:   layout_regular_city, serial_rivers, chequers_serial_rivers_small_b,
          chequers_serial_rivers_marsh, chequers_serial_rivers_micro_e,
          chequers_serial_rivers_large_b, gauntlet_entry_generic,
          grunt_forest_small_clearing_treed
Lair:3:   layout_misc_corridors, elwin_shoals_entry_stream,
          spider_nest_entry_web_field
Lair:4:   layout_long_grid
Lair:5:   layout_regular_city, serial_bayou_shore_b, grunt_megastairs_4
Lair:6:   evilmike_catoblepas_cave, layout_regular_city,
          dpeg_slime_entry_corner, portal_ice_cave_entry_pillars_2,
          enter_volcano_1
Shoals:1: layout_shoals, uniq_louise
Shoals:2: layout_shoals, nicolae_shoals_nautilus_by_nature,
          nicolae_shop_overcharged_wands
Shoals:3: layout_shoals, nicolae_shoals_dead_sea_scrolls, uniq_aizul
Shoals:4: shoals_end_hellmonk_lost_city, uniq_mara
Spider:1: nicolae_spider_mines_3, uniq_roxanne
Spider:2: layout_spider_delve
Spider:3: nicolae_spider_hilbert_zone_4 [nicolae_spider_hilbert_4_sides_2_open,
          nicolae_spider_hilbert_4_sides_1_open,
          nicolae_spider_hilbert_4_sides_1_open,
          nicolae_spider_hilbert_4_sides_1_open,
          nicolae_spider_hilbert_4_sides_1_open,
          nicolae_spider_hilbert_2_sides_1_open,
          nicolae_spider_hilbert_2_sides_1_open,
          nicolae_spider_hilbert_2_sides_1_open,
          nicolae_spider_hilbert_2_sides_1_open,
          nicolae_spider_hilbert_6_sides_1_open,
          nicolae_spider_hilbert_6_sides_1_open,
          nicolae_spider_hilbert_3_sides_1_open,
          nicolae_spider_hilbert_3_sides_1_open], nicolae_spider_acid_house
Spider:4: spider_rune_water, drop_trap, uniq_arachne, uniq_asterion
Orc:1:    layout_diamond_mine, serial_shops, nicolae_diamond_shop
Orc:2:    grunt_orc_tribal_feast, layout_caves, uniq_jorgrun
Elf:1:    nicolae_elf_arrival_dilemma, layout_rooms, serial_shops, shop,
          hangedman_elven_crosses_minicolossus, small_chamber_with_monster,
          nicolae_elf_glassroom_feature
Elf:2:    nicolae_elf_blades_splatter_lattice [nicolae_blade_lattice],
          layout_onion_city, serial_shops, nicolae_shop_stone, shop,
          nicolae_square_shop, nicolae_stop_n_shop_2, basic_altar
Elf:3:    grunt_elf_hall_branching, layout_geoelf_castle, serial_shops, shop
Vaults:1: vaults_room_ringed_pool, hangedman_vaults_river_flow,
          nicolae_vaults_rhombus_6, ontoclasm_vaults_idyll,
          nicolae_vaults_little_squares_5, vaults_dpeg_diagonal, st_hourglassy,
          vaults_mumra_hexcomb, v_pattern_2, nicolae_vaults_mini_display_case,
          vaults_dpeg_cross, layout_vaults_omnigrid, serial_shops,
          nicolae_shop_temple_entry_statues_fountains
Vaults:2: vaults_room_pools, nicolae_vaults_little_squares_6, v_misc_1,
          st_diamondy, hangedman_vaults_capsules, vaults_standard_mumra_lines,
          vaults_mumra_minichess_inversion, v_pattern_5,
          dpeg_vaults_monster_box, v_misc_24, layout_vaults_omnibox, uniq_boris,
          uniq_jory
Vaults:3: nicolae_vaults_diagonal_hallway_7, minmay_crypt_entry_necro_gods,
          nicolae_vaults_specimen_jars, nicolae_vaults_triangles,
          vaults_room_stairs_pillars, ontoclasm_vaults_tryst,
          nicolae_vaults_network_periphery, vaults_standard_mumra_x,
          serial_ice_b, v_misc_30, v_misc_14, vaults_room_door_hall,
          layout_vaults_big_cross
Vaults:4: hangedman_vaults_stream, vaults_room_door_ring, v_rooms_5, v_misc_28,
          ontoclasm_vaults_claustrophobia, nicolae_vaults_display_case,
          ontoclasm_vaults_gateway, ontoclasm_vaults_idyll,
          ontoclasm_vaults_bender, layout_vaults_big_room
Vaults:5
Depths:1: layout_cave_shapes, abyss_entry_glasseish, lightli_too_deep,
          grunt_gozag_statues, eino_curves_04, pandoras_box_mu, firewood_loft
Depths:2: minmay_complete_graph, layout_cave_shapes, enter_ziggurat_c,
          pf_hell_entry_tar_river, abyss_entry, kennysheep_minor_cross
Depths:3: kennysheep_large_vault, layout_gridlike, hell_entry,
          hangedman_abyss_or_decor_stabs, grunt_pan_entry_zigzag
Depths:4: evilmike_halls_of_destruction, layout_cave_pools, serial_rivers,
          chequers_serial_rivers_marsh, chequers_serial_rivers_micro_d,
          chequers_serial_rivers_room_a, chequers_serial_rivers_marsh,
          chequers_serial_rivers_micro_b, rand_demon_pan_entry_3, abyss_entry,
          hangedman_coc_ice_floe, nicolae_qazlal_eye_of_the_storm,
          minmay_staircase_bubble
Depths:5: evilmike_zot_entry_hall, layout_honeycomb, hell_entry,
          nrook_mini_backslash, serial_rivers, chequers_serial_rivers_small_a,
          chequers_serial_rivers_room_b, chequers_serial_rivers_room_a,
          chequers_serial_rivers_micro_e
Zot:1:    layout_cellular_growth, hangedman_player_shredder
Zot:2:    layout_misc_corridors
Zot:3:    layout_gridlike
Zot:4:    kennysheep_blocky_hall, layout_twisted_circle,
          st_single_dragon_hoard_1
Zot:5:    layout_concentric_octagons, nicolae_zot_crop_circle

Skill      XL: |  1  2  3  4  5  6  7  8  9 10 11 12 13 14 15 16 17 18 19 20 21 22 23 24 25 26 27 |
---------------+----------------------------------------------------------------------------------+-----
Shields        | 4 5 7 8 9 11 15 | 15.0
Fighting       | 4 5 7 8 10 11 13 14 15 16 17 18 19 22 24 27 | 27.0
Armour         | 4 5 6 7 8 9 10 13 15 17 18 23 | 23.6
Staves         | 3 5 6 7 8 9 10 13 14 | 14.0
Invocations    | 3 5 9 10 11 12 13 14 15 18 | 18.0
Slings         | 1 2 9 12 13 | 13.9
Dodging        | 2 5 10 12 13 15 16 17 23 | 23.4
Throwing       | 1 |  1.5
Spellcasting   | 3 8 10 12 13 14 15 | 15.0
Ice Magic      | 3 7 |  7.0
Earth Magic    | 4 8 11 12 | 12.0
Necromancy     | 4 8 9 |  9.0
Poison Magic   | 5 8 |  8.0
Air Magic      | 3 |  3.0
Transmutations | 4 |  4.0
Evocations     | 4 |  4.0

Action                   |  1- 3 |  4- 6 |  7- 9 | 10-12 | 13-15 | 16-18 | 19-21 | 22-24 | 25-27 || total
-------------------------+-------+-------+-------+-------+-------+-------+-------+-------+-------++-------
Melee: Quarterstaff      |    78 |   107 |   288 |   605 |   708 |  1370 |  1160 |   817 |  2037 ||  7170
       Whip              |       |       |       |    10 |     9 |       |       |       |       ||    19
 Fire: Hunting sling     |       |    19 |    84 |   177 |       |       |       |       |       ||   280
       Fustibalus        |       |       |       |   101 |   540 |   409 |   521 |   672 |  1519 ||  3762
Throw: Dart              |       |       |     9 |     1 |       |     2 |     3 |       |     4 ||    19
       Throwing net      |       |       |     1 |     1 |       |       |       |       |     1 ||     3
       Stone             |       |       |     1 |       |       |       |       |       |       ||     1
 Cast: Frozen Ramparts   |       |       |       |       |       |       |    21 |    29 |    77 ||   127
       Borgnjor's Vile C |       |       |       |       |       |       |       |    78 |   211 ||   289
       Olgreb's Toxic Ra |       |       |       |       |       |       |       |    22 |    43 ||    65
       Poisonous Vapours |       |       |       |       |       |       |       |    23 |    36 ||    59
       Lee's Rapid Decon |       |       |       |       |       |       |       |       |    27 ||    27
       Wereblood         |       |       |       |       |       |       |       |       |    42 ||    42
Invok: Lesser Servant of |       |       |       |     5 |     2 |     2 |    15 |       |     1 ||    25
       Greater Servant o |       |       |       |       |       |     3 |     4 |       |     4 ||    11
 Abil: Dig               |       |     2 |     3 |     7 |    13 |    21 |     7 |     7 |    18 ||    78
Evoke: Wand              |       |       |       |     1 |     2 |     2 |       |     1 |       ||     6
       Phantom mirror    |       |       |       |     1 |       |     1 |       |       |       ||     2
       Lightning rod     |       |       |       |       |       |       |       |     1 |       ||     1
  Use: Potion            |       |     1 |       |     1 |     1 |     1 |     3 |       |     5 ||    12
       Scroll            |       |       |     8 |    14 |     8 |     6 |     2 |     4 |     6 ||    48
 Stab: Paralysed         |       |       |       |     3 |       |       |       |       |       ||     3
       Distracted        |       |       |       |       |     2 |     3 |     2 |       |     2 ||     9
       Held in net/web   |       |       |       |       |       |       |     1 |       |       ||     1
Armor: Scale mail        |    43 |    39 |    27 |       |       |       |       |       |       ||   109
       Plate armour      |       |       |    67 |   153 |   159 |   291 |   249 |   134 |   600 ||  1653
Dodge: Dodged            |    34 |    32 |   110 |   202 |   117 |   256 |   324 |   200 |   851 ||  2126
Block: Kite shield       |    50 |    55 |   184 |   571 |    19 |       |       |       |       ||   879
       Reflection        |       |       |       |    12 |    10 |    62 |   120 |   109 |    62 ||   375
       Tower shield      |       |       |       |       |   781 |  1465 |  1341 |   869 |  2287 ||  6743
